 Dungeon Sprint DCSS version 0.26-a0-661-g406de6ba63 (webtiles) character file.

Game seed: 8068086706566513794

1352 sahdkjhfkaj the Zephyrmancer (level 8, -22/62 HPs)
             Began as an Octopode Air Elementalist on Oct 8, 2020.
             Was a Believer of Sif Muna.
             Annihilated by a two-headed ogre
             ... wielding a +0 giant club
              (33 damage)
             ... in the Dungeon (Sprint III: "The Ten Rune Challenge").
             The game lasted 00:03:44 (1243 turns).

sahdkjhfkaj the Zephyrmancer (OpAE)                 Turns: 1243, Time: 00:03:44

Health: -22/62     AC:  1    Str:  7    XL:     8   Next: 63%
Magic:  1/23       EV: 13    Int: 20    God:    Sif Muna [**....]
Gold:   45         SH:  0    Dex: 12    Spells: 21/29 levels left

rFire    . . .     SeeInvis .   o - +0 dagger
rCold    . . .     Faith    .   (no shield)
rNeg     . . .     Spirit   .   (helmet restricted)
rPois    .         Reflect  .   (no amulet)
rElec    .         Harm     .   (no ring)
rCorr    .         Rampage  .   (no ring)
MR       .....     NoTele   +   (no ring)
Stlth    +++.......             (no ring)
HPRegen  0.20/turn              (no ring)
MPRegen  0.18/turn              (no ring)
                                (no ring)
                                (no ring)

@: no status effects
A: almost no armour, stealthy swim, amphibious, 8 rings, constrict 8, camouflage
1, gelatinous body 1
a: Channel Magic, Renounce Religion


You were in the Dungeon.
You worshipped Sif Muna.
Sif Muna was pleased with you.
You visited 1 branch You collected 45 gold pieces.

Inventory:

Hand Weapons
 o - a +0 dagger (weapon)
Wands
 p - a wand of iceblast (5)
Scrolls
 a - 3 scrolls of identify {unknown}
 g - a scroll of blinking
 i - a scroll of immolation {unknown}
 j - 4 scrolls of remove curse
 m - 2 scrolls of holy word {unknown}
Potions
 b - a potion of curing
 c - 2 potions of heal wounds
 d - a potion of haste
 e - 2 potions of magic
 f - a potion of berserk rage
 h - 2 potions of mutation {unknown}
 k - a potion of stabbing {unknown}
 l - 3 potions of flight
 n - 2 potions of lignification {unknown}


   Skills:
 + Level 8.3 Fighting
 - Level 2.0 Dodging
 - Level 2.6 Stealth
 * Level 11.0 Spellcasting
 - Level 1.0 Conjurations
 * Level 12.0 Air Magic


You had 21 spell levels left.
You knew the following spells:

 Your Spells              Type           Power        Failure   Level
a - Shock                 Conj/Air       ####         1%          1
x - Airstrike             Air            ######....   1%          4
N - Confusing Touch       Hex            ##......     19%         3

Your spell library contained the following spells:

 Spells                   Type           Power        Failure   Level
 Swiftness                Air            ######..     1%          2
 Static Discharge         Conj/Air       #####...     1%          3
 Lightning Bolt           Conj/Air       #####.....   12%         5
 Gell's Gravitas          Tloc           ##........   19%         3
 Petrify                  Tmut/Erth      ##......     52%         4
 Metabolic Englaciation   Hex/Ice        ##........   86%         5
 Yara's Violent Unravell  Hex/Tmut       ##........   86%         5


Dungeon Overview and Level Annotations

Branches:
Dungeon (1/1)

Altars:
Cheibriados
Dithmenos
Elyvilon
Fedhas
Gozag
Hepliaklqana
Kikubaaqudgha
Makhleb
Nemelex Xobeh
Okawaru
Qazlal
Ru
Sif Muna
Trog
Uskayaw
Vehumet
Wu Jian
Xom
Yredelemnul
Zin
The Shining One
Beogh
Jiyva
Lugonu


Innate Abilities, Weirdness & Mutations

You cannot wear most types of armour.
You are very stealthy in the water. (Stealth+)
You are amphibious.
You can wear up to eight rings at the same time.
You can use your tentacles to constrict eight enemies at once.
Your skin changes colour to match your surroundings (Stealth+).
Your rubbery body absorbs attacks. (AC +1, EV +1)


Message History

The two-headed ogre hits you with a +0 giant club.
* * * LOW HITPOINT WARNING * * *
Unknown command.
There is an open door here.
Casting: Shock (safe; 1% risk of failure)
Confirm with . or Enter, or press ? or * to list all spells.
Press: ? - help, Shift-Dir - straight line, p - two-headed ogre The zap hits the two-headed ogre.
The two-headed ogre is almost dead.
The zap hits the two-headed ogre.
The two-headed ogre is almost dead.
The two-headed ogre barely misses you. The two-headed ogre closely misses you.
Casting: Shock (safe; 1% risk of failure)
Confirm with . or Enter, or press ? or * to list all spells.
Press: ? - help, Shift-Dir - straight line The zap misses the two-headed ogre.
Unknown command.
The two-headed ogre hits you with a +0 giant club!!
Ouch! That really hurt!
You die...

▓▓▓▓▓▓▓▓▓▓▓▓ ▓▓▓
▓<.#..'....♣♣ ♣.###
▓..#..#.....♣♣ ♣♣.#__
▓#'####....♣.♣ ♣..#..
▓.....#....≈♣♣ ♣..###
▓†....#...≈≈.♣♣♣♣.#..
▓...[.#.)≈≈≈≈.♣...O.⌠
▓####'#..≈≈≈≈≈≈♣♣.#..
▓...@.#.≈≈≈≈≈≈....#.⌠
▓..O..#.≈≈)≈≈.....#..
▓.....#.≈≈≈)......#'#
▓'#####...........#)[
▓..O..............#__
▓▓▓▓▓▓▓▓▓▓▓▓▓▓▓▓▓▓▓▓▓


You could see a two-headed ogre.

Vanquished Creatures
  A deep elf mage (D)
  A shadow (D)
  A spatial vortex (D)
  A necrophage (D)
  A two-headed ogre (D)
  A water elemental (D)
  Crazy Yiuf (D)
  A jelly (D)
  Jessica (D)
  A wizard (D)
  A necromancer (D)
  A kobold demonologist (D)
  3 humans (D)
  An ooze (D)
  2 rats (D)
18 creatures vanquished.

Notes
Turn   | Place    | Note
-------+----------+-------------------------------------------
     0 | D        | sahdkjhfkaj the Octopode Air Elementalist began the quest
                  | for the Orb.
     0 | D        | Reached XP level 1. HP: 11/11 MP: 3/3
    19 | D        | Reached skill level 1 in Fighting
    64 | D        | Noticed Jessica
    75 | D        | Killed Jessica
    75 | D        | Reached skill level 4 in Air Magic
    75 | D        | Reached XP level 2. HP: 20/20 MP: 2/7
    75 | D        | Reached XP level 3. HP: 25/25 MP: 2/8
   181 | D        | Reached skill level 5 in Air Magic
   264 | D        | Noticed Crazy Yiuf
   269 | D        | Killed Crazy Yiuf
   269 | D        | Reached skill level 5 in Spellcasting
   269 | D        | Reached skill level 6 in Air Magic
   269 | D        | Reached XP level 4. HP: 31/31 MP: 4/11
   366 | D        | Learned a level 4 spell: Airstrike
   366 | D        | Noticed a water elemental
   368 | D        | Killed a water elemental
   368 | D        | Reached XP level 5. HP: 37/37 MP: 3/13
   450 | D        | Found a radiant altar of Vehumet.
   451 | D        | Found a shimmering blue altar of Sif Muna.
   451 | D        | Found an ancient bone altar of Kikubaaqudgha.
   452 | D        | Reached skill level 7 in Air Magic
   557 | D        | Learned a level 3 spell: Confusing Touch
   558 | D        | Became a worshipper of Sif Muna the Loreminder
   567 | D        | Found a glowing silver altar of Zin.
   567 | D        | Found a glowing golden altar of the Shining One.
   567 | D        | Found a white marble altar of Elyvilon.
   567 | D        | Noticed a deep elf mage
   572 | D        | Killed a deep elf mage
   572 | D        | Reached skill level 10 in Air Magic
   572 | D        | Reached XP level 6. HP: 17/47 MP: 1/18
   572 | D        | Reached XP level 7. HP: 19/53 MP: 1/19
   780 | D        | Found a basalt altar of Yredelemnul.
   780 | D        | Found a shadowy altar of Dithmenos.
   780 | D        | Found a sacrificial altar of Ru.
   783 | D        | Reached * piety under Sif Muna
   906 | D        | Noticed a shadow
   908 | D        | Killed a shadow
   908 | D        | Reached skill level 10 in Spellcasting
   908 | D        | Reached skill level 11 in Air Magic
   908 | D        | Reached XP level 8. HP: 60/60 MP: 13/22
   958 | D        | Found a blossoming altar of Fedhas.
   958 | D        | Found a stormy altar of Qazlal.
   958 | D        | Found a snail-covered altar of Cheibriados.
   958 | D        | Found a burning altar of Makhleb.
   958 | D        | Found a shimmering altar of Xom.
   959 | D        | Found a hazy altar of Hepliaklqana.
   959 | D        | Found an opulent altar of Gozag.
   959 | D        | Found a sparkling altar of Nemelex Xobeh.
   959 | D        | Found a corrupted altar of Lugonu.
   959 | D        | Found a viscous altar of Jiyva.
   962 | D        | Reached ** piety under Sif Muna
  1038 | D        | Found a hide-covered altar of Uskayaw.
  1038 | D        | Found a roughly hewn altar of Beogh.
  1038 | D        | Found an iron altar of Okawaru.
  1038 | D        | Found a bloodstained altar of Trog.
  1038 | D        | Found an ornate altar of the Wu Jian Council.
  1226 | D        | Reached skill level 12 in Air Magic
  1243 | D        | Annihilated by a two-headed ogre

Illustrated notes

Levels and vault maps discovered:
D:        dungeon_sprint_mu [sprint_mu_entry_forest, sprint_mu_temple_rooms,
          sprint_mu_d1_spiders, sprint_mu_d2_genie, sprint_mu_d3_branching,
          sprint_mu_orc_legion, sprint_mu_elf_gauntlet, sprint_mu_hive_nellie,
          sprint_mu_lair_fedhas, sprint_mu_vaults_butterflies,
          sprint_mu_slime_circle, sprint_mu_shoals_archi,
          sprint_mu_snake_twists, sprint_mu_blade_basic,
          sprint_mu_crypt_fortress, sprint_mu_tomb_spiral,
          sprint_mu_vestibule_basic, sprint_mu_gehenna_hellfire,
          sprint_mu_dis_giant, sprint_mu_tartarus_statrot,
          sprint_mu_cocytus_islands, sprint_mu_zot1]

Skill      XL: |  1  2  3  4  5  6  7  8 |
---------------+-------------------------+-----
Fighting       | 2 3 4 6 7 8 |  8.3
Spellcasting   | 4 5 6 9 10 11 | 11.0
Air Magic      | 4 6 10 11 12 | 12.0
Dodging        | |  2.0
Stealth        | |  2.6
Conjurations   | |  1.0

Action                   |  1- 3 |  4- 6 |  7- 9 || total
-------------------------+-------+-------+-------++-------
 Cast: Shock             |    17 |     1 |     6 ||    24
       Airstrike         |       |     8 |    20 ||    28
  Use: Potion            |       |     1 |       ||     1
Dodge: Dodged            |     7 |       |     6 ||    13

Table legend: (Time is in decaauts)
 A = Elapsed time spent in this place.
 B = Non-inter-level travel time spent in this place.
 C = Inter-level travel time spent in this place.
 D = Time resting spent in this place.
 E = Time spent auto-exploring this place.
 F = Levels seen in this place.
 G = Mean time per level.
                   A        B        C        D        E       F      G
               +--------+--------+--------+--------+--------+-----+--------+
         Total |   1242 |   1215 |     27 |    927 |      0 |   1 | 1242.0 |
       Dungeon |   1242 |   1215 |     27 |    927 |      0 |   1 | 1242.0 |
               +--------+--------+--------+--------+--------+-----+--------+

Top non-repeatable levels by time:
       D: 1242 daAuts
